 Dungeon Crawl Stone Soup version 0.30-a0-728-gc68057be0a (webtiles) character file.

Game seed: 8933909371201938879

16 hikkokomori the Conjurer (level 2, -1/17 HPs)
             Began as a Tengu Reaver on Feb 1, 2023.
             Slain by a jackal (3 damage)
             ... on level 1 of the Dungeon.
             The game lasted 00:00:28 (212 turns).

hikkokomori the Conjurer (Tengu Reaver)              Turns: 212, Time: 00:00:28

Health: -1/17      AC:  3    Str: 12    XL:     2   Next: 58%
Magic:  6/6        EV: 12    Int: 13    God:
Gold:   23         SH:  0    Dex: 12    Spells: 4/5 levels left

rFire   . . .      SeeInvis .    a - +0 falchion
rCold   . . .      Faith    .    (no shield)
rNeg    . . .      Spirit   .    b - +0 leather armour
rPois   .          Reflect  .    (helmet restricted)
rElec   .          Harm     .    (no cloak)
rCorr   .          Rampage  .    (no gloves)
Will    .....                    (boots unavailable)
Stlth   +                        (no amulet)
HPRegen 0.22/turn                (no ring)
MPRegen 0.10/turn                (no ring)

@: no status effects
A: beak, talons 3
a: no special abilities


You were on level 1 of the Dungeon.
You visited 1 branch of the dungeon, and saw 1 of its levels.

You collected 23 gold pieces.

Inventory:

Hand Weapons
 a - a +0 falchion (weapon)
Armour
 b - a +0 leather armour (worn)
Scrolls
 d - a scroll of blinking {unknown}
Potions
 c - a potion of curing {unknown}
 e - a potion of resistance {unknown}


   Skills:
 + Level 2.2 Fighting
 - Level 3.4 Long Blades
 - Level 2.4 Dodging
 + Level 2.2 Spellcasting
 + Level 4.3 Conjurations


You had 4 spell levels left.
You knew the following spells:

 Your Spells              Type           Power      Damage    Failure   Level
a - Kiss of Death         Conj/Necr      28%        2d7       13%         1

Your spell library contained the following spells:

 Spells                   Type           Power      Damage    Failure   Level
 Momentum Strike          Conj/Tloc      14%        3d8       21%         2
 Hailstorm                Conj/Ice       7%         3d4       36%         3


Dungeon Overview and Level Annotations

Branches:
Dungeon (1/15)

Altars:


Innate Abilities, Weirdness & Mutations

You have a beak for a mouth.
You have claws for feet.


Message History

A jackal comes into view.
Things that are here:
a +0 club; a goblin corpse A jackal comes into view.
The jackal barks!
The jackal bites you.
A jackal comes into view.
You closely miss the jackal.
The jackal barks!
You peck the jackal.
The jackal is almost dead.
You closely miss the jackal. Your kick misses the jackal.
The jackal bites you but does no damage.
The jackal bites you.
You closely miss the jackal. You claw the jackal.
You kill the jackal!
The jackal bites you. x2; The jackal closely misses you.
You closely miss the jackal. Your kick misses the jackal. You peck the jackal.
The jackal is moderately wounded.
The jackal barely misses you. The jackal bites you.
The jackal closely misses you. The jackal bites you.
* * * LOW HITPOINT WARNING * * *
You are too injured to fight recklessly!
You are too injured to fight recklessly!
You are too injured to fight recklessly!
You are too injured to fight recklessly!
You are too injured to fight recklessly!
There are monsters nearby!
The jackal attacks as you move away! The jackal closely misses you.
The jackal bites you.
* * * LOW HITPOINT WARNING * * *
The jackal barely misses you. The jackal bites you.
* * * LOW HITPOINT WARNING * * *
The jackal attacks as you move away! The jackal barely misses you. x2
You open the door.
The jackal bites you but does no damage.
The jackal bites you.
* * * LOW HITPOINT WARNING * * *
The jackal attacks as you move away! The jackal bites you.
You die...

..............# ...#
#............# ...#
###....##....# ...#
#....##....# ...#
#....##....# ...#
#....##....# ...#
#....##..).# ...#
#....##h...#
...#######)...##@h..#
...............'.h..#
.........##+####....#
###......# #....#
.##....### ......#
.####.## .......#
.##.### ........# ...
###.#### .#


You could see 3 jackals.

Vanquished Creatures
  2 ball pythons (D:1)
  2 hobgoblins (D:1)
  3 jackals (D:1)
  A kobold (D:1)
  A bat (D:1)
  A frilled lizard (D:1)
  3 goblins (D:1)
  A rat (D:1)
14 creatures vanquished.

Notes
Turn   | Place    | Note
-------+----------+-------------------------------------------
     0 | D:1      | hikkokomori the Tengu Reaver began the quest for the Orb.
     0 | D:1      | Reached XP level 1. HP: 12/12 MP: 4/4
   136 | D:1      | Reached XP level 2. HP: 17/17 MP: 6/6
   212 | D:1      | Slain by a jackal

Illustrated notes

Levels and vault maps discovered:
D:1:      amcnicky_arrival_wind_blow, layout_basic,
          chequers_ecumenical_altar_twisty, glass_columns_b,
          serial_bayou_pond_c, st_stairs_7, minmay_pentomino_q4

Action                     || total
---------------------------++-------
  Melee: Falchion          ||    31
         Kick              ||     7
         Peck              ||     4
 Armour: Leather armour    ||     9
  Dodge: Dodged            ||    18

Table legend: (Time is in decaauts)
 A = Elapsed time spent in this place.
 B = Non-inter-level travel time spent in this place.
 C = Inter-level travel time spent in this place.
 D = Time resting spent in this place.
 E = Time spent auto-exploring this place.
 F = Levels seen in this place.
 G = Mean time per level.
                   A        B        C        D        E       F      G
               +--------+--------+--------+--------+--------+-----+--------+
         Total |    215 |    215 |      0 |      0 |    143 |   1 |  215.0 |
       Dungeon |    215 |    215 |      0 |      0 |    143 |   1 |  215.0 |
               +--------+--------+--------+--------+--------+-----+--------+

Top non-repeatable levels by time:
     D:1: 215 daAuts
